Map: Abyssal Reef LE

Players

HeroMarine

  • Race: Terran Terran
  • Spawn Location: 5:00

Elazer - Winner!

  • Race: Zerg Zerg
  • Spawn Location: 11:00

Event: IEM XI Katowice - World Championship 2017

VOD

Have the link to the VOD?

Description

Time

  • Played on: Feb. 27, 2017, 11:32 a.m.
  • Length: 10:19

All games in this series

Show
View Real Time Build Order
Export as new Build Order

HeroMarine Terran 

Build Orders: MMM Bio 

Get SALT Encoding   

  12  0:00  SCV  
  13  0:13  SCV  
  14  0:17  Supply Depot  
  14  0:25  SCV  
  15  0:38  SCV  
  15  0:40  Barracks  
  16  0:44  Refinery  
  16  0:50  SCV  
  17  1:03  SCV  
  18  1:15  SCV  
  19  1:27  Marine  
  19  1:28  Orbital Command  
  20  1:40  Command Center  
  20  1:45  Marine  
  21  1:54  Factory  
  21  1:57  SCV  
  22  2:03  Barracks Reactor  
  22  2:08  Supply Depot  
  22  2:10  SCV  
  23  2:29  SCV  
  24  2:42  Command Center  
  24  2:43  SCV  
  25  2:48  Hellion  
  25  2:49  Hellion  
  29  2:57  Orbital Command  
  29  3:00  SCV  
  30  3:11  Hellion x2  
  34  3:13  SCV  
  34  3:16  Barracks Tech Lab  
  35  3:22  SCV  
  35  3:25  SCV  
  37  3:35  Supply Depot, SCV  
  37  3:38  SCV  
  37  3:41  Marine, Stimpack  
  40  3:49  Factory Reactor, Barracks x2  
  40  3:51  SCV x2  
  42  3:58  Orbital Command  
  42  4:03  SCV  
  42  4:04  SCV  
  42  4:06  Marine  
  42  4:08  Refinery  
  45  4:15  SCV  
  45  4:16  SCV  
  47  4:20  Engineering Bay, Orbital Command  
  47  4:23  Engineering Bay  
  47  4:26  Marine  
  47  4:28  SCV x2  
  47  4:29  Refinery  
  47  4:30  Refinery  
  50  4:32  Factory Reactor  
  50  4:35  Starport  
  50  4:39  Marine  
  50  4:40  SCV x2  
  50  4:41  Marine  
  50  4:44  Marine  
  55  4:48  Marine x2, SCV  
  55  4:52  SCV x2  
  60  4:53  Terran Infantry Weapons Level 1  
  60  4:57  Terran Infantry Armor Level 1  
  56  5:00  Marine x2, SCV  
  56  5:02  Marine  
  56  5:04  SCV x2  
  62  5:09  Supply Depot  
  62  5:10  Marine x2  
  65  5:15  Supply Depot  
  65  5:21  Medivac x2  
  68  5:25  Marine  
  68  5:26  Marine, Supply Depot x2  
  68  5:27  Marine, Orbital Command  
  68  5:28  Marine  
  63  5:44  Supply Depot  
  63  5:46  Combat Shields  
  63  5:47  Supply Depot  
  63  5:48  Marine x3  
  66  5:52  Marine x2, Orbital Command  
  51  6:05  Marine  
  51  6:07  SCV x2  
  49  6:13  Marine x2  
  49  6:14  Marine  
  50  6:19  SCV x2  
  50  6:20  SCV  
  50  6:25  Marine  
  54  6:27  Marine  
  54  6:31  SCV  
  54  6:32  Marine, SCV x2  
  59  6:33  Marine  
  60  6:41  Marine  
  60  6:43  Marine  
  60  6:44  SCV x3  
  60  6:45  Marine  
  66  6:50  Marine x2  
  66  6:51  Armory  
  68  6:56  SCV x2  
  68  6:58  Marine  
  68  7:01  Marine  
  69  7:03  Marine, SCV  
  69  7:04  Refinery  
  69  7:05  Refinery  
  69  7:07  Marine  
  69  7:08  Marine, SCV  
  73  7:10  SCV  
  72  7:16  Marine, SCV  
  72  7:18  Marine  
  72  7:21  Marine  
  76  7:23  SCV, Barracks  
  76  7:24  Barracks  
  76  7:25  Marine  
  76  7:26  Marine  
  76  7:27  SCV  
  76  7:28  SCV  
  81  7:34  Marine  
  81  7:35  SCV  
  81  7:36  Marine  
  84  7:38  Marine  
  84  7:39  SCV  
  84  7:40  SCV  
  84  7:43  Marine  
  88  7:44  Marine  
  88  7:47  SCV  
  88  7:50  Medivac x2  
  92  7:51  Terran Infantry Weapons Level 2  
  92  7:52  SCV  
  92  7:54  Terran Infantry Armor Level 2  
  93  8:00  Marine  
  93  8:01  Marine x3  
  93  8:05  SCV x3  
  88  8:07  Marine  
  88  8:09  Supply Depot  
  88  8:10  Factory Reactor  
  89  8:13  Barracks Reactor x2  
  89  8:17  SCV x3  
  89  8:18  Marine  
  93  8:26  Bunker  
  93  8:30  Marine x2, Medivac x2, SCV x2, Supply Depot  
  93  8:32  Supply Depot  
  101  8:35  Supply Depot  
  101  8:41  Marine  
  101  8:42  SCV  
  101  8:45  Marine x2, SCV  
  101  8:48  Marine x2  
  99  8:51  SCV  
  99  8:52  Marine x3  
  99  8:54  Marine, SCV  
  97  8:57  SCV  
  97  8:59  Marine  
  88  9:03  Marine x2  
  88  9:06  Marine x2  
  88  9:08  Orbital Command  
  77  9:10  Marine x3  
  77  9:12  Marine  
  76  9:17  Marine  
  69  9:27  Marine x3  
  72  9:33  Orbital Command  
  72  9:36  Marine x2  
  72  9:38  Marine  
  75  9:40  Marine x2  
  75  9:41  Marine  
  75  9:45  Marine x2  
  77  9:51  Marine  
  80  9:54  Marine x2  
  80  9:55  Marine  
  80  9:57  Marine  
  88  10:02  Supply Depot  
Show
View Real Time Build Order
Export as new Build Order

Elazer Zerg - Winner!

Build Orders: Hatch First 

Get SALT Encoding   

  12  0:00  Drone  
  13  0:12  Overlord  
  13  0:17  Drone  
  14  0:30  Drone x2  
  14  0:34  Drone  
  17  0:51  Hatchery  
  17  0:54  Drone  
  17  0:57  Drone  
  18  1:08  Extractor  
  17  1:13  Spawning Pool  
  17  1:15  Drone  
  17  1:18  Drone  
  18  1:27  Drone  
  19  1:38  Overlord  
  19  1:59  Queen  
  19  2:00  Zergling x4  
  23  2:02  Queen  
  23  2:03  Drone  
  23  2:07  Metabolic Boost  
  26  2:22  Drone x2  
  28  2:23  Drone  
  28  2:24  Drone  
  30  2:32  Overlord  
  30  2:46  Hatchery  
  29  2:51  Drone  
  29  2:52  Overlord  
  29  2:53  Drone x2  
  32  2:59  Drone  
  32  3:04  Drone  
  34  3:06  Drone x2  
  34  3:11  Drone x3  
  39  3:14  Queen  
  39  3:18  Overlord  
  41  3:20  Drone  
  41  3:22  Drone  
  41  3:24  Drone  
  44  3:31  Roach Warren, Extractor  
  42  3:40  Overlord  
  41  3:46  Drone x3  
  44  4:10  Roach  
  44  4:11  Roach x5  
  44  4:14  Roach  
  44  4:15  Overlord  
  58  4:21  Roach  
  61  4:24  Roach  
  61  4:25  Overlord  
  61  4:27  Zergling x10  
  66  4:39  Zergling x6  
  69  4:48  Ravager  
  69  4:49  Zergling x6  
  69  4:50  Ravager  
  74  4:54  Zergling x2  
  74  4:55  Zergling x6  
  74  4:58  Zergling x6  
  80  5:01  Overlord  
  80  5:02  Drone  
  80  5:05  Overlord  
  81  5:13  Overlord  
  82  5:21  Drone x2  
  82  5:22  Drone x2  
  82  5:23  Drone  
  82  5:25  Drone  
  82  5:26  Drone x3  
  89  5:30  Evolution Chamber  
  89  5:31  Evolution Chamber  
  89  5:34  Ravager  
  89  5:35  Drone x3  
  88  5:36  Drone x2  
  88  5:37  Drone x2  
  89  5:42  Drone  
  89  5:46  Drone  
  89  5:47  Drone  
  89  5:49  Drone  
  85  6:00  Zerg Melee Weapons Level 1, Zerg Ground Armor Level 1  
  85  6:01  Drone  
  85  6:03  Drone  
  75  6:08  Drone  
  75  6:09  Drone  
  73  6:12  Drone x2  
  73  6:17  Overlord  
  73  6:18  Extractor x2  
  66  6:20  Hatchery  
  66  6:21  Lair  
  66  6:23  Zergling x18  
  74  6:25  Queen  
  74  6:26  Baneling Nest  
  74  6:29  Spore Crawler  
  74  6:30  Drone  
  74  6:31  Queen  
  77  6:38  Zergling x2  
  77  6:39  Zergling x2  
  79  6:42  Overlord  
  79  6:45  Drone x3  
  79  6:46  Zergling x8  
  86  6:51  Overlord  
  86  6:53  Overlord  
  86  6:56  Zergling x2  
  86  6:57  Zergling x4  
  86  7:01  Zergling x4  
  84  7:03  Queen  
  84  7:06  Hatchery, Overlord  
  82  7:12  Drone  
  82  7:13  Overlord  
  82  7:15  Spore Crawler  
  79  7:17  Zergling x4  
  79  7:18  Zergling x12  
  79  7:21  Centrifical Hooks  
  87  7:23  Zergling x4  
  87  7:24  Overseer  
  87  7:26  Zergling x2  
  87  7:29  Drone  
  91  7:30  Infestation Pit  
  91  7:34  Baneling x2  
  91  7:35  Overlord  
  91  7:36  Zergling x6  
  93  7:42  Overlord  
  92  7:45  Zergling x12  
  95  7:56  Zerg Melee Weapons Level 2, Zerg Ground Armor Level 2  
  95  7:57  Drone x3  
  98  8:03  Zergling x2  
  98  8:04  Zergling x10  
  97  8:09  Hive  
  97  8:14  Baneling x2  
  97  8:15  Overlord  
  97  8:16  Zergling x6  
  100  8:20  Zergling x2  
  100  8:21  Zergling x6  
  102  8:27  Zergling x12  
  102  8:33  Overlord  
  108  8:34  Drone x3  
  108  8:35  Drone  
  108  8:37  Drone  
  108  8:38  Drone  
  108  8:41  Drone x3  
  116  8:42  Drone  
  116  8:43  Drone x2  
  116  8:44  Drone  
  116  8:48  Overlord  
  119  8:49  Zergling x8  
  120  8:57  Zergling x8  
  120  9:00  Zergling x4  
  122  9:02  Overlord  
  122  9:03  Zergling x2  
  122  9:06  Zergling x8  
  122  9:07  Zergling x2  
  122  9:08  Zergling x4  
  126  9:16  Zergling x14  
  124  9:19  Overlord  
  121  9:26  Overlord, Ultralisk Cavern  
  121  9:30  Extractor  
  118  9:35  Drone x3  
  118  9:36  Zergling x2  
  118  9:37  Spore Crawler, Zergling x16  
  129  9:41  Baneling x3  
  129  9:43  Zergling x12  
  129  9:44  Hatchery  
  134  9:46  Overlord  
  134  9:47  Baneling  
  134  9:48  Baneling x5  
  134  9:54  Overlord  
  134  9:59  Zergling x14  

Tags
 
Add a new tag
Caveats
  • Supply blocks, unpowered buildings, or Contaminate may cause inaccurate times.
  • Supply counts are checked every 10 seconds.